AoeStats
← Sir bacardi

Arena

509506048Analyzed
3v3 RM · 7d ago on Sep 27, 2026· 101m 28s· 6 players
Game mode
Random Map
Map size
Normal (6 player)
Population
200
Speed
Normal
Resources
Standard
Victory
Conquest
Starting age
Dark Age
Ending age
Imperial Age
RankedLock teamsTeams togetherTeam positionsShared explorationLock speedFull tech treeHidden civsTurbo modeCheats
Victory
Defeat
🇨🇱 Wei · Chile
1010
+19
🇨🇱 Danes · Chile
991
+20
🇨🇱 Italians · Chile
943
+22
🇨🇱 Persians · Chile
1129
-21
🇨🇦 Turks · Canada
1066
-20
🇦🇷 Koreans · Argentina
1058
-20
Nutteralex
12:12 Feudal Age
14:46 Double-Bit Axe
17:18 Castle Age
17:12 Loom
19:11 Bow Saw
20:19 Wheelbarrow
24:07 Scale Mail Armor
27:58 Scale Barding Armor
28:03 Forging
Sir bacardi
11:06 Feudal Age
15:06 Castle Age
12:58 Double-Bit Axe
16:10 Bow Saw
20:55 Horse Collar
22:48 Heavy Plow
24:00 Kamandaran
25:04 Wheelbarrow
24:40 Gold Mining
24:51 Stone Mining
25:59 Hand Cart
25:32 Loom
25:32 Town Watch
26:08 Fletching
26:44 Bodkin Arrow
27:35 Crossbowman
31:00 Imperial Age
29:56 Padded Archer Armor
32:24 Leather Archer Armor
34:13 Chemistry
34:00 Ring Archer Armor
34:17 Ballistics
33:48 Light Cavalry
34:42 Scale Mail Armor
34:53 Forging
34:48 Scale Barding Armor
35:33 Bloodlines
35:09 Hussar
37:17 Two-Man Saw
36:48 Crop Rotation
38:12 Masonry
38:33 Husbandry
39:11 Iron Casting
39:45 Gold Shaft Mining
39:46 Stone Shaft Mining
41:46 Architecture
42:33 Chain Barding Armor
42:03 Capped Ram
43:13 Siege Ram
45:26 Murder Holes
45:43 Thumb Ring
45:49 Thumb Ring
47:44 Heavy Camel Rider
53:32 Caravan
55:13 Plate Barding Armor
58:18 Conscription
58:59 Heated Shot
60:26 Blast Furnace
78:23 Hoardings
PuraTripa
10:35 Feudal Age
14:53 Castle Age
12:52 Double-Bit Axe
12:50 Horse Collar
14:34 Loom
17:34 Bow Saw
19:08 Elite Skirmisher
24:19 Fletching
24:30 Scale Mail Armor
26:17 Pikeman
26:56 Bodkin Arrow
27:24 Squires
30:08 Chain Mail Armor
32:08 Gold Mining
33:27 Gold Shaft Mining
36:44 Imperial Age
34:56 Husbandry
36:01 Wheelbarrow
37:51 Conscription
38:14 Elite War Wagon
40:27 Chemistry
39:12 Treadmill Crane
40:37 Bracer
43:06 Siege Engineers
47:51 Two-Man Saw
47:15 Guilds
46:42 Heavy Rocket Cart
48:35 Masonry
48:27 Halberdier
49:28 Arson
51:54 Plate Mail Armor
51:35 Forging
53:02 Ballistics
53:12 Architecture
53:40 Murder Holes
54:52 Iron Casting
56:50 Scale Barding Armor
58:22 Heavy Plow
58:39 Hand Cart
58:11 Town Watch
60:12 Capped Ram
68:46 Shinkichon
71:36 Stone Mining
80:56 Light Cavalry
94:28 Caravan
93:55 Hussar
94:41 Scale Barding Armor
97:18 Chain Barding Armor
MatiassCJ
10:46 Feudal Age
9:35 Loom
14:23 Castle Age
12:26 Double-Bit Axe
12:31 Horse Collar
17:56 Fletching
36:43 Imperial Age
38:24 Chemistry
38:26 Bow Saw
38:08 Gold Mining
47:14 Wheelbarrow
50:45 Ballistics
51:01 Pirotechnia
51:12 Conscription
55:48 Padded Archer Armor
58:22 Leather Archer Armor
70:58 Two-Man Saw
74:58 Ring Archer Armor
79:46 Pikeman
80:28 Squires
87:05 Scale Mail Armor
90:14 Chain Mail Armor
91:54 Plate Mail Armor
92:06 Forging
101:48 Hand Cart
AlpineXtrem
0:28 Loom
11:57 Feudal Age
15:57 Castle Age
16:33 Double-Bit Axe
16:30 Horse Collar
17:59 Wheelbarrow
19:22 Bow Saw
22:47 Hand Cart
24:55 Squires
24:47 Pikeman
25:15 Gambesons
30:43 Imperial Age
30:17 Ballistics
30:11 Forging
30:01 Scale Mail Armor
29:53 Fletching
30:48 Capped Ram
31:08 Halberdier
33:11 Conscription
34:18 Onager
35:27 Siege Engineers
35:16 Onager
37:30 Chemistry
41:07 Iron Casting
40:48 Chain Mail Armor
47:05 Gold Mining
47:05 Stone Mining
49:04 Heavy Plow
52:15 Blast Furnace
51:46 Plate Mail Armor
52:21 Conscription
53:56 Siege Onager
55:31 Hamask
57:33 Arson
58:23 Plate Mail Armor
59:11 Gold Shaft Mining
58:16 Northmen's Fury
62:46 Elite Varangian Guard
83:48 Siege Ram
felipe2204
11:11 Feudal Age
17:56 Castle Age
15:48 Loom
20:07 Treadmill Crane
21:37 Double-Bit Axe
22:46 Fletching
24:54 Bodkin Arrow
27:36 Gold Mining
30:34 Forging
36:37 Imperial Age
36:57 Wheelbarrow
37:51 Iron Casting
37:55 Elite Tiger Cavalry
39:20 Scale Mail Armor
39:28 Scale Barding Armor
40:45 Ming Guang Armor
41:45 Conscription
42:37 Bloodlines
42:28 Husbandry
44:24 Chain Barding Armor
44:31 Light Cavalry
46:15 Blast Furnace
45:32 Hand Cart
45:50 Hussar
53:25 Gold Shaft Mining
53:37 Stone Mining
63:28 Heavy Hei Guang Cavalry
65:55 Masonry
79:35 Fortified Wall
79:47 Tuntian
80:36 Scale Mail Armor
79:59 Pikeman
80:40 Squires
80:27 Arson
81:45 Halberdier
84:26 Chain Mail Armor
85:34 Bow Saw
Connection lost

Rejoining the realm…

Still unreachable

The connection could not be restored.

Session expired

The server has moved on; the page needs a fresh start.